 Dungeon Crawl Stone Soup version 0.22.1-2-g9c5b331 (webtiles) character file.

4673 MalarOregon the Spear-Bearer (level 10, -2/80 HPs)
             Began as a Merfolk Gladiator on Nov 30, 2018.
             Was a Believer of Ashenzari.
             Slain by a thrashing horror (3 damage)
             ... on level 1 of the Abyss.
             The game lasted 00:29:52 (13992 turns).

MalarOregon the Spear-Bearer (Merfolk Gladiator)   Turns: 13992, Time: 00:29:52

Health: -2/80      AC:  5    Str: 14    XL:     10   Next: 44%
Magic:  16/16      EV: 18    Int: 11    God:    Ashenzari [**....]
Gold:   679        SH:  0    Dex: 16    Spells: 17/17 levels left

rFire    . . .     SeeInvis .   a - +2 trident (curse)
rCold    . . .     Gourm    .   (no shield)
rNeg     + . .     Faith    .   b - +1 leather armour
rPois    .         Spirit   .   c - +0 helmet
rElec    .         Reflect  .   (no cloak)
rCorr    .         Harm     .   (no gloves)
MR       .....                  l - +0 pair of boots
Stlth    +.........             (no amulet)
HPRegen  0.23/turn              p - ring of positive energy
MPRegen  0.15/turn              (no ring)

@: very slightly contaminated, hasted, drained, invisible, very quick
A: change form in water, swift swim, stealthy swim, deformed body
a: Curse Item, Scrying, Renounce Religion


You were on level 1 of the Abyss.
You worshipped Ashenzari.
Ashenzari was pleased with you.
You were near starving.

You visited 2 branches of the dungeon, and saw 10 of its levels.
You visited the Abyss 1 time.
You also visited: Sewer and Ossuary.

You collected 679 gold pieces.

Inventory:

Hand Weapons
 a - a cursed +2 trident (weapon)
Missiles
 d - a throwing net (quivered) {!f}
Armour
 b - a +1 leather armour (worn)
 c - a +0 helmet (worn)
 l - a +0 pair of boots (worn)
   (You found it on level 2 of the Dungeon)
Jewellery
 m - an uncursed ring of fire
   (You found it on level 2 of the Dungeon)
 p - a ring of positive energy (left hand)
   (You found it on level 9 of the Dungeon)
Wands
 s - a wand of scattershot (5)
   (You found it on level 9 of the Dungeon)
 x - a wand of acid (6)
   (You found it on level 8 of the Dungeon)
Scrolls
 g - 5 scrolls of remove curse {@r2}
 h - 3 scrolls of magic mapping
 j - 2 scrolls of fear
 r - 3 scrolls of fog
Potions
 i - a potion of agility {unknown}
 k - a potion of heal wounds {@q2}
 n - 2 potions of mutation {!q}
 o - 2 potions of resistance
 q - 3 potions of haste {@q3}
 t - 6 potions of brilliance
 z - a potion of might {unknown}
 A - a potion of magic {unknown}
 B - 2 potions of curing {@q1}
Comestibles
 e - 7 rations {!d}


   Skills:
 * Level 8.2(7.5) Fighting
 * Level 10.8(12.1) Polearms
 - Level 2.0(1.4) Throwing
 * Level 5.2(4.6) Armour
 * Level 10.0(9.3) Dodging
 + Level 4.3(3.6) Spellcasting


You had 17 spell levels left.
You didn't know any spells.
Your spell library contained the following spells:

 Spells                   Type           Power        Failure   Level  Hunger
 Magic Dart               Conj           #...         30%         1    #......
 Searing Ray              Conj           #.....       43%         2    ##.....
 Dazzling Spray           Conj/Hex       #.....       67%         3    ###....
 Force Lance              Conj/Tloc      #.......     97%         4    #####..
 Fulminant Prism          Conj/Hex       #.........   97%         4    #####..
 Iskenderun's Mystic Bla  Conj           #.......     97%         4    #####..


Dungeon Overview and Level Annotations

Branches:
Dungeon (9/15)             Temple (1/1) D:4
   Lair: D:8-11         Orc: D:9-12

Altars:
Ashenzari
Cheibriados
Dithmenos
Elyvilon
Fedhas
Gozag
Hepliaklqana
Kikubaaqudgha
Makhleb
Nemelex Xobeh
Okawaru
Qazlal
Ru
Sif Muna
Trog
Uskayaw
Vehumet
Wu Jian
Xom
Yredelemnul
Zin
The Shining One

Shops:
D:7 :   D:8 (

Annotations:
D:9 Erolcha


Innate Abilities, Weirdness & Mutations

You revert to your normal form in water.
You are very nimble and swift while swimming.
You are very stealthy in the water. (Stealth+)
Armour fits poorly on your strangely shaped body.


Message History

Strange energies course through your body.
Your body twists and deforms.
You puncture the neqoxec!
Unknown command.
You puncture the neqoxec! The neqoxec completely misses you.
You closely miss the neqoxec. You puncture the neqoxec!
The neqoxec closely misses you.
You closely miss the neqoxec. You hit the neqoxec.
You kill the neqoxec!
You flicker back into view.
You see here a potion of brilliance.
t - 6 potions of brilliance (gained 1)
You start resting.
Your extra speed is starting to run out.
A starcursed mass comes into view.
Found 14 bolts.
You feel yourself slow down.
You see here 14 bolts.
Found 7 gold pieces.
A starcursed mass splits.
A starcursed mass splits.
A thrashing horror comes into view.
The thrashing horror roars!
You see here 7 gold pieces.
You now have 679 gold pieces (gained 7).
The thrashing horror tramples you!
* * * LOW HITPOINT WARNING * * *
You stumble backwards!
A starcursed mass splits.
The thrashing horror roars!
A starcursed mass splits.
Found 17 arrows.
The thrashing horror tramples you!
* * * LOW HITPOINT WARNING * * *
You stumble backwards!
An efreet comes into view.
Ashenzari warns you: It is wielding a scimitar of flaming.
A starcursed mass splits.
You feel yourself speed up.
The thrashing horror roars!
The thrashing horror barely misses you. The thrashing horror tramples you.
* * * LOW HITPOINT WARNING * * *
You hold your ground!
A chorus of shrieks assaults your mind.
* * * LOW HITPOINT WARNING * * *
You fade into invisibility!
The thrashing horror tramples you!
* * * LOW HITPOINT WARNING * * *
You hold your ground!
The thrashing horror tramples you.
You die...

...#.## , *,,,, * # .
#(###, , * * *
.##.#.###, , * # , *
, #....##.#,,,*, ..#
,*
#..,##.X#.####*##...#
,,#.##
#.#X...#.##.....# *
*, ...#.#.X.....#(.#
* *..#..#..X#..#..# *
, .... #...#..X@..#,,
** ##,#..#..####.##*,
* * #..##..#......# *
* ..##...#...#....# ,
* , ,#.##.*...# ....#
, , , #,,..,X...
..### ...*.#.##.R.**
*, #.#,.... .#ยง, *
## * ,.# , *


You could see 4 starcursed masses, a thrashing horror and an efreet.

Vanquished Creatures
  A thrashing horror (Abyss:1)
  Pikel (D:6)
  A hippogriff (D:7)
  A neqoxec (Abyss:1)
  2 ice beasts
  A slave (D:5)
  A sky beast (D:8)
  3 orc warriors
  A centaur (D:8)
  3 ogres
  2 big kobolds (Sewer)
  3 bullfrogs
  A small abomination (Abyss:1)
  A scorpion (D:7)
  3 killer bees (D:9)
  7 wights
  3 howler monkeys
  An electric eel (D:6)
  3 crimson imps
  3 hounds
  2 orc priests
  2 jellies (D:8)
  3 orc wizards
  5 iguanas
  11 worker ants
  A big kobold zombie (Ossuary)
  A killer bee zombie (D:6)
  8 mummies (Ossuary)
  A hound skeleton (D:5)
  13 adders
  6 gnolls
  3 river rats
  A shadow imp (D:5)
  A white imp (Abyss:1)
  3 oozes (Sewer)
  2 adder skeletons
  An adder zombie (D:5)
  10 worms
  A dart slug (D:3)
  4 leopard geckos
  35 orcs
  7 bats
  9 giant cockroaches
  3 goblins
  7 hobgoblins
  17 jackals
  3 quokkas
  9 ball pythons
  6 frilled lizards
  A gnoll zombie (Ossuary)
  A hobgoblin zombie (Ossuary)
  16 kobolds
  A kobold zombie (Ossuary)
  4 orc zombies (Ossuary)
  A quokka skeleton (D:7)
  13 rats
254 creatures vanquished.

Vanquished Creatures (others)
  3 slaves (D:7)
  A howler monkey (D:7)
  2 orcs (D:7)
6 creatures vanquished.

Grand Total: 260 creatures vanquished

Notes
Turn   | Place    | Note
-------+----------+-------------------------------------------
     0 | D:1      | MalarOregon the Merfolk Gladiator began the quest for the
                  | Orb.
     0 | D:1      | Reached XP level 1. HP: 16/16 MP: 1/1
   350 | D:1      | Reached XP level 2. HP: 23/23 MP: 2/2
  1018 | D:1      | Reached XP level 3. HP: 10/28 MP: 3/3
  1417 | D:2      | Reached skill level 5 in Polearms
  1627 | D:2      | Reached skill level 1 in Armour
  1638 | D:2      | Reached XP level 4. HP: 32/34 MP: 4/4
  2521 | D:3      | Found a glowing drain.
  2562 | Sewer    | Entered a sewer
  2674 | Sewer    | Reached skill level 1 in Spellcasting
  2715 | Sewer    | Reached XP level 5. HP: 41/41 MP: 6/6
  2773 | Sewer    | Reached skill level 5 in Dodging
  2910 | Sewer    | Noticed a big kobold
  2927 | Sewer    | Killed a big kobold
  2927 | Sewer    | Reached XP level 6. HP: 42/48 MP: 6/8
  3593 | D:3      | Found a burning altar of Makhleb.
  3593 | D:3      | Noticed a balrug
  4712 | D:3      | Reached XP level 7. HP: 46/55 MP: 9/9
  4998 | D:4      | Found a staircase to the Ecumenical Temple.
  5012 | Temple   | Entered the Ecumenical Temple
  5019 | Temple   | Became a worshipper of Ashenzari the Shackled
  5516 | D:4      | Found an iron altar of Okawaru.
  5854 | D:5      | Entered Level 5 of the Dungeon
  6046 | D:5      | HP: 3/82 [worker ant (3)]
  6492 | D:5      | Reached skill level 5 in Fighting
  6681 | D:5      | Reached XP level 8. HP: 60/62 MP: 11/11
  7333 | D:6      | Reached * piety under Ashenzari
  7344 | D:6      | Found a hide-covered altar of Uskayaw.
  9378 | D:7      | Noticed Pikel
  9732 | D:6      | Found a hide-covered altar of Uskayaw.
  9787 | D:6      | Killed Pikel
  9787 | D:6      | Reached XP level 9. HP: 36/71 MP: 13/13
 10255 | D:7      | Found Kuixzimy's Book Boutique.
 11421 | D:8      | Reached ** piety under Ashenzari
 11439 | D:8      | Found a sand-covered staircase.
 11449 | Ossuary  | Entered an ossuary
 12081 | D:8      | Found Zaotweov's Antique Weapon Shoppe.
 12119 | D:8      | Reached skill level 10 in Polearms
 12864 | D:8      | Reached XP level 10. HP: 69/79 MP: 15/15
 13616 | D:9      | Reached skill level 5 in Armour
 13785 | D:9      | Noticed Erolcha
 13798 | D:9      | Cast into level 1 of the Abyss (Erolcha)
 13798 | Abyss:1  | Found a corrupted altar of Lugonu.
 13885 | Abyss:1  | Noticed a thrashing horror
 13904 | Abyss:1  | Found a corrupted altar of Lugonu.
 13915 | Abyss:1  | Killed a thrashing horror
 13915 | Abyss:1  | Reached skill level 10 in Dodging
 13937 | Abyss:1  | Gained mutation: Armour fits poorly on your strangely
                  | shaped body. [a neqoxec]
 13966 | Abyss:1  | Noticed a starcursed mass
 13986 | Abyss:1  | Noticed a thrashing horror
 13992 | Abyss:1  | HP: 1/80 [thrashing horror (11)]
 13992 | Abyss:1  | Slain by a thrashing horror

Skill      XL: |  1  2  3  4  5  6  7  8  9 10 |
---------------+-------------------------------+-----
Polearms       | 5 6 7 9 10 | 10.8
Armour         | 1 2 4 5 |  5.2
Fighting       | 3 4 5 6 7 8 |  8.2
Spellcasting   | 1 2 3 4 |  4.3
Dodging        | 5 6 8 9 10 | 10.0
Throwing       | |  2.0

Action                   |  1- 3 |  4- 6 |  7- 9 | 10-12 || total
-------------------------+-------+-------+-------+-------++-------
Melee: Trident           |   133 |   298 |   810 |   167 ||  1408
       Tailslap          |       |     9 |     1 |       ||    10
Throw: Throwing net      |       |       |     4 |     2 ||     6
Invok: Curse Item        |       |       |     1 |       ||     1
  Use: Scroll            |     7 |     7 |     6 |     7 ||    27
       Potion            |       |     1 |     5 |     6 ||    12
 Stab: Sleeping          |     1 |     6 |       |       ||     7
       Invisible         |       |       |     3 |     3 ||     6
       Held in net/web   |       |       |     4 |       ||     4
  Eat: Chunk             |     2 |    10 |    20 |     2 ||    34
       Ration            |       |       |     2 |       ||     2
Armor: Leather armour    |    27 |    53 |   126 |    19 ||   225
       Skin              |       |       |    34 |    52 ||    86
Dodge: Dodged            |   108 |   157 |   536 |   153 ||   954
